Map: Ephemeron LE

Players

ButAlways - Winner!

  • Race: Protoss Protoss
  • Spawn Location: 11:00

DnS

  • Race: Protoss Protoss
  • Spawn Location: 5:00

VOD

Have the link to the VOD?

Description

Time

  • Played on: Sept. 6, 2019, 7:10 p.m.
  • Length: 9:21
Show
View Real Time Build Order
Export as new Build Order

ButAlways Protoss - Winner!

Build Orders:  

Get SALT Encoding   

  12  0:00  Probe  
  13  0:12  Probe  
  14  0:17  Pylon  
  14  0:24  Probe  
  15  0:34  Probe  
  15  0:36  Gateway  
  15  0:42  Probe  
  16  0:48  Assimilator  
  17  0:51  Probe  
  17  0:55  Assimilator  
  18  1:00  Probe  
  19  1:08  Probe  
  19  1:09  Gateway  
  19  1:18  Probe  
  21  1:26  Cybernetics Core  
  21  1:30  Probe  
  22  1:35  Pylon  
  22  1:42  Probe  
  23  1:52  Warp Gate  
  23  2:02  Stalker x2  
  27  2:11  Robotics Facility  
  27  2:20  Gateway  
  27  2:32  Stalker  
  29  2:37  Stalker  
  31  2:44  Pylon  
  31  2:52  Warp Prism  
  33  3:12  Shield Battery  
  33  3:20  Pylon  
  33  3:28  Observer  
  34  3:40  Pylon  
  34  3:41  Sentry, Stalker x2  
  40  3:56  Immortal  
  44  4:05  Stalker  
  46  4:13  Sentry  
  48  4:20  Pylon  
  48  4:25  Immortal  
  52  4:44  Sentry  
  54  4:48  Pylon  
  54  4:51  Stalker  
  56  4:59  Observer  
  54  5:14  Stalker x2  
  54  5:17  Stalker  
  60  5:29  Pylon  
  60  5:39  Immortal  
  54  5:55  Sentry  
  56  6:14  Nexus  
  56  6:21  Immortal  
  60  6:41  Sentry  
  60  6:42  Stalker  
  64  7:09  Adept x3  
  68  7:30  Immortal  
  70  7:46  Adept x3  
  72  8:10  Stalker x2  
  72  8:12  Sentry  
  78  8:39  Adept x3  
  69  9:02  Sentry  
  71  9:04  Adept  
  61  9:13  Adept  
Show
View Real Time Build Order
Export as new Build Order

DnS Protoss 

Build Orders:  

Get SALT Encoding   

  12  0:00  Probe  
  13  0:12  Probe  
  14  0:17  Pylon  
  14  0:24  Probe  
  15  0:32  Probe  
  15  0:37  Gateway  
  15  0:40  Probe  
  16  0:46  Assimilator  
  17  0:51  Probe  
  17  0:54  Assimilator  
  18  1:00  Probe  
  19  1:07  Gateway  
  19  1:08  Probe  
  19  1:17  Probe  
  20  1:24  Cybernetics Core  
  21  1:29  Probe  
  22  1:34  Pylon  
  22  1:41  Probe  
  23  1:53  Probe  
  24  1:57  Warp Gate  
  24  2:00  Sentry, Stalker  
  28  2:11  Pylon  
  28  2:21  Pylon  
  28  2:26  Stalker  
  30  2:30  Stalker  
  32  2:57  Sentry  
  34  3:00  Sentry  
  34  3:04  Nexus  
  35  3:11  Shield Battery  
  35  3:17  Robotics Facility  
  35  3:23  Shield Battery  
  35  3:32  Shield Battery  
  35  3:45  Stalker  
  35  3:47  Stalker  
  39  4:09  Immortal  
  43  4:21  Stalker  
  43  4:23  Stalker  
  47  4:35  Immortal  
  49  5:03  Stalker x2  
  53  5:08  Shield Battery  
  53  5:13  Shield Battery  
  53  5:35  Warp Prism  
  51  5:50  Sentry  
  51  5:51  Shield Battery  
  51  5:55  Pylon  
  53  5:58  Gateway  
  53  6:03  Shield Battery  
  51  6:18  Pylon  
  51  6:20  Immortal  
  54  6:37  Pylon  
  54  6:41  Pylon  
  54  6:55  Immortal, Probe x2  
  56  7:04  Sentry x3  
  66  7:09  Probe  
  66  7:10  Probe  
  68  7:29  Sentry x2  
  67  7:30  Adept  
  67  7:31  Probe x2  
  65  7:46  Probe x2  
  66  7:54  Probe x2  
  66  7:57  Sentry  
  66  8:12  Adept x2  
  66  8:18  Pylon  
  70  8:21  Pylon  
  70  8:26  Shield Battery  
  70  8:36  Probe  
  70  8:40  Sentry x2  
  73  8:41  Zealot  
  53  9:04  Adept x3  
Tags
 
Matchup
PvP
Spawn Locations
Cross Positions
Add a new tag
Caveats
  • Supply blocks, unpowered buildings, or Contaminate may cause inaccurate times.
  • Supply counts are checked every 10 seconds.